AoeStats
← THE RANDY

Nomad

510473581Analyzed
2v2 RM · 1d ago on Oct 1, 2026· 58m 7s· 4 players
Game mode
Random Map
Map size
176×176
Population
200
Speed
Normal
Resources
Standard
Victory
Conquest
Starting age
Dark Age
Ending age
Imperial Age
RankedLock teamsTeams togetherTeam positionsShared explorationLock speedFull tech treeHidden civsTurbo modeCheats
Victory
Defeat
🇨🇳 Huns · China
758
+14
🇺🇸 Persians · United States
715
+15
🇦🇷 Cumans · Argentina
724
-15
🇦🇷 Teutons · Argentina
689
-14
Natearthur123
7:01 Loom
25:03 Feudal Age
27:16 Bloodlines
29:36 Castle Age
35:36 Gold Mining
36:27 Medium Warships
39:29 Scale Barding Armor
39:36 Forging
42:00 Imperial Age
40:27 Crossbowman
41:13 Thumb Ring
42:05 Iron Casting
41:51 Chain Barding Armor
41:22 Fletching
41:34 Padded Archer Armor
44:54 Bodkin Arrow
45:16 Leather Archer Armor
44:33 Cavalier
45:17 Husbandry
45:47 Kamandaran
46:32 Plate Barding Armor
46:59 Blast Furnace
53:33 Chemistry
扎哈真传弟子
15:31 Feudal Age
20:21 Castle Age
23:07 Horse Collar
27:26 Scale Barding Armor
28:43 Heavy Plow
28:52 Gold Mining
30:06 Double-Bit Axe
30:59 Gold Shaft Mining
32:23 Forging
34:06 Husbandry
35:10 Wheelbarrow
36:48 Iron Casting
36:35 Chain Barding Armor
36:04 Town Watch
36:36 Marauders
37:36 Bloodlines
42:27 Imperial Age
40:15 Hand Cart
41:45 Elite Skirmisher
42:16 Light Cavalry
42:41 Cavalier
43:39 Hussar
45:15 Thumb Ring
44:32 Crossbowman
45:41 Parthian Tactics
45:17 Stone Mining
45:57 Paladin
47:45 Plate Barding Armor
47:13 Scale Mail Armor
47:16 Padded Archer Armor
57:32 Conscription
56:54 Pikeman
57:35 Squires
59:03 Blast Furnace
58:20 Chain Mail Armor
57:56 Fletching
riky010pichichin
15:40 Feudal Age
18:53 Fishing Lines
20:23 Loom
22:30 Gold Mining
24:32 Wheelbarrow
27:42 Castle Age
39:51 Imperial Age
46:53 Stone Mining
46:58 Double-Bit Axe
48:21 Chemistry
48:21 Stone Shaft Mining
THE RANDY
16:58 Loom
18:55 Feudal Age
23:32 Horse Collar
23:40 Double-Bit Axe
24:02 Fishing Lines
27:58 Castle Age
29:29 Bow Saw
29:15 Gillnets
29:40 Medium Warships
33:04 Imperial Age
33:27 Pikeman
35:17 Halberdier
37:44 Two-Man Saw
50:17 Elite Steppe Lancer
Connection lost

Rejoining the realm…

Still unreachable

The connection could not be restored.

Session expired

The server has moved on; the page needs a fresh start.